 Dungeon Crawl Stone Soup version 0.28.0-43-g3370ac3207 (webtiles) character file.

Game seed: 1419345547550140141

212 Acheron the Magician (level 5, 0/37 HPs)
             Began as a Demonspawn Hedge Wizard on Mar 16, 2022.
             Was a High Priest of Ignis.
             Slain by a kobold brigand
             ... wielding a +3 short sword of protection
              (8 damage)
             ... in a sewer.
             The game lasted 00:16:29 (4173 turns).

Acheron the Magician (Demonspawn Hedge Wizard)      Turns: 4173, Time: 00:16:29

Health: 0/37       AC:  5    Str: 10    XL:     5   Next: 58%
Magic:  10/10      EV: 12    Int: 16    God:    Ignis [*****.]
Gold:   170        SH:  0    Dex: 14    Spells: 6/11 levels left

rFire   + . .      SeeInvis .   t - +2 hand axe (elec)
rCold   + . .      Faith    .   (no shield)
rNeg    . . .      Spirit   .   b - +0 robe
rPois   .          Reflect  .   c - +0 hat
rElec   .          Harm     .   (no cloak)
rCorr   .          Rampage  .   i - +0 pair of gloves
Will    .....                   (no boots)
Stlth   ++........              h - amulet of regeneration
HPRegen 0.92/turn               n - ring of protection from cold
MPRegen 0.12/turn               (no ring)

@: no status effects
A: horns 1, yellow scales 1
a: Renounce Religion, Fiery Armour, Foxfire Swarm, Rising Flame


You were in a sewer.
You worshipped Ignis.
Ignis was extremely pleased with you.
You visited 1 branch of the dungeon, and saw 6 of its levels.
You also visited: Sewer.

You collected 170 gold pieces.

Inventory:

Hand Weapons
 l - a +0 dagger of venom
 s - a +0 war axe
 t - a +2 hand axe of electrocution (weapon)
Missiles
 d - 105 stones
Armour
 b - a +0 robe (worn)
 c - a +0 hat (worn)
 i - a +0 pair of gloves (worn)
Magical Staves
 p - a staff of air
Jewellery
 h - an amulet of regeneration (around neck)
 n - a ring of protection from cold (left hand)
 u - an amulet of guardian spirit
Scrolls
 g - a scroll of amnesia {unknown}
 m - 2 scrolls of enchant armour {unknown}
 r - 2 scrolls of teleportation {unknown}
Potions
 a - 4 potions of curing
 e - 3 potions of flight
 f - a potion of brilliance {unknown}
 j - a potion of attraction {unknown}
 k - a potion of ambrosia {unknown}
 o - a potion of haste {unknown}
 q - 2 potions of lignification {unknown}
 v - a potion of resistance {unknown}


   Skills:
 * Level 1.2 Fighting
 - Level 1.0 Short Blades
 * Level 0.7 Axes
 * Level 1.2 Throwing
 * Level 2.4 Dodging
 * Level 2.9 Stealth
 * Level 3.6 Spellcasting
 * Level 1.9 Conjurations
 * Level 1.7 Summonings
 + Level 0.8 Translocations
 * Level 0.9 Evocations


You had 6 spell levels left.
You knew the following spells:

 Your Spells              Type           Power      Damage    Failure   Level
a - Magic Dart            Conj           32%        1d4       9%          1
b - Blink                 Tloc           10%        N/A       19%         2
c - Call Imp              Summ           8%         N/A       13%         2

Your spell library contained the following spells:

 Spells                   Type           Power      Damage    Failure   Level
 Searing Ray              Conj           16%        2d5       12%         2
 Slow                     Hex            8%         N/A       19%         1
 Conjure Flame            Conj/Fire      5%         6-21      34%         3
 Dazzling Flash           Conj/Hex       10%        N/A       34%         3
 Gell's Gravitas          Tloc           5%         N/A       36%         3
 Teleport Other           Tloc           5%         N/A       36%         3
 Mephitic Cloud           Conj/Pois/Air  4%         N/A       38%         3
 Tukima's Dance           Hex            2%         N/A       47%         3
 Iskenderun's Mystic Bla  Conj/Tloc      7%         2d4       69%         4
 Fulminant Prism          Conj/Hex       2%         3d6       75%         4
 Anguish                  Hex/Necr       1%         N/A       87%         4
 Dispersal                Tloc           2%         N/A       100%        6
 Starburst                Conj/Fire      2%         6d3       100%        6
 Enfeeble                 Hex            1%         N/A       100%        7


Dungeon Overview and Level Annotations

Branches:
Dungeon (6/15)              Sewer (1/1)
 Temple: D:4-7

Altars:
Nemelex Xobeh
Ignis


Innate Abilities, Weirdness & Mutations

You have a pair of small horns on your head.
You are partially covered in yellow scales. (AC +2)


Message History

Found a gate leading back out of this place.
The kobold brigand shouts!
There is a large open door here.
You barely miss the kobold. Your headbutt misses the kobold.
You hit the kobold brigand but do no damage.
Lightning courses through the kobold brigand!
The kobold brigand hits you with a +3 short sword of protection.
The kobold hits you with a +0 short sword.
You hit the kobold. You headbutt the kobold.
You kill the kobold!
You hit the kobold brigand.
The kobold brigand hits you with a +3 short sword of protection.
The kobold brigand hits you with a +3 short sword of protection!
Things that are here:
a +0 short sword; 3 stones; a blue potion You closely miss the kobold brigand.
The kobold brigand is severely wounded.
The kobold brigand hits you but does no damage.
You hit the kobold brigand but do no damage.
Your headbutt misses the kobold brigand.
The kobold brigand is severely wounded.
The kobold brigand barely misses you.
The kobold brigand hits you with a +3 short sword of protection.
You hit the kobold brigand.
The kobold brigand is almost dead.
The kobold brigand hits you with a +3 short sword of protection.
* * * LOW HITPOINT WARNING * * *
You miss the kobold brigand.
The kobold brigand is almost dead.
The kobold brigand misses you.
You hit the kobold brigand but do no damage.
The kobold brigand is almost dead.
The kobold brigand hits you with a +3 short sword of protection.
* * * LOW HITPOINT WARNING * * *
You hit the kobold brigand but do no damage.
You headbutt the kobold brigand, but do no damage.
The kobold brigand is almost dead.
The kobold brigand barely misses you.
The kobold brigand hits you with a +3 short sword of protection!
You die...

##....P≈P#
#......≈#
#......≈#
#.......#
##...≈.≈#
#...≈≈≈#
###..≈≈#
##''##
#K@..#
#....#
#.?∩.#
#....#
######


You could see a kobold brigand.

Vanquished Creatures
  An ice beast (D:5)
  An iguana (D:5)
  An adder (D:6)
  A river rat (D:6)
  A white imp (D:5)
  2 worms
  6 orcs
  3 bats
  3 endoplasms (D:1)
  4 giant cockroaches
  6 goblins
  2 hobgoblins
  3 quokkas
  7 ball pythons
  2 frilled lizards
  9 kobolds
  8 rats
60 creatures vanquished.

Vanquished Creatures (others)
  4 fungi (D:4)
4 creatures vanquished.

Grand Total: 64 creatures vanquished

Notes
Turn   | Place    | Note
-------+----------+-------------------------------------------
     0 | D:1      | Acheron the Demonspawn Hedge Wizard began the quest for the
                  | Orb.
     0 | D:1      | Reached XP level 1. HP: 13/13 MP: 4/4
   432 | D:1      | Gained mutation: You have a pair of small horns on your
                  | head. [demonic ancestry]
   432 | D:1      | Reached XP level 2. HP: 19/19 MP: 1/6
  1056 | D:1      | Learned a level 2 spell: Blink
  1059 | D:1      | Learned a level 2 spell: Call Imp
  1881 | D:2      | Found a faded altar of an unknown god.
  1900 | D:2      | Prayed at the altar of an unknown god.
  1900 | D:2      | Became a worshipper of Ignis, the Dying Flame
  1922 | D:3      | Found a sparkling altar of Nemelex Xobeh.
  2120 | D:3      | Reached XP level 3. HP: 11/25 MP: 2/7
  3233 | D:4      | Noticed a phantom
  3241 | D:5      | Entered Level 5 of the Dungeon
  3362 | D:5      | Reached skill level 1 in Fighting
  3362 | D:5      | Reached skill level 1 in Short Blades
  3362 | D:5      | Gained mutation: You are partially covered in yellow
                  | scales. (AC +2) [demonic ancestry]
  3362 | D:5      | Reached XP level 4. HP: 6/32 MP: 9/9
  3704 | D:5      | Noticed an ice beast
  3733 | D:5      | Killed an ice beast
  3734 | D:5      | Reached skill level 1 in Throwing
  3734 | D:5      | Reached XP level 5. HP: 30/37 MP: 10/10
  4062 | D:6      | Found a glowing drain.
  4066 | Sewer    | Entered a sewer
  4173 | Sewer    | Slain by a kobold brigand

Illustrated notes

Levels and vault maps discovered:
D:1:      zaba_arrival_water, layout_basic
D:2:      layout_basic, ebering_ecumenical_altar_hall
D:3:      layout_basic, overflow_temple_1_default,
          wander_ebering_terrifying_dragon_lair
D:4:      layout_rooms, grunt_temple_overflow_forces_of_nature
D:5:      layout_basic, grunt_ministairs_14
D:6:      layout_basic, minmay_temple_entry_antechambers,
          gup_sewer_entry_spiral, hangedman_minor_gate_pass
Sewer:    kennysheep_pipe_town

Skill      XL: |  1  2  3  4 |
---------------+-------------+-----
Dodging        | 2 |  2.4
Stealth        | 2 |  2.9
Fighting       | 1 |  1.2
Short Blades   | 1 |  1.0
Throwing       | 1 |  1.2
Axes           | |  0.7
Spellcasting   | |  3.6
Conjurations   | |  1.9
Summonings     | |  1.7
Translocations | |  0.8
Evocations     | |  0.9

Action                   |  1- 3 |  4- 6 || total
-------------------------+-------+-------++-------
Melee: Dagger            |    59 |       ||    59
       Headbutt          |     8 |     7 ||    15
       Short sword       |     3 |       ||     3
       Punch             |     2 |       ||     2
       Hand axe          |       |    68 ||    68
 Cast: Magic Dart        |    42 |       ||    42
       Blink             |     1 |     1 ||     2
       Call Imp          |     1 |     1 ||     2
  Use: Scroll            |     3 |     1 ||     4
 Stab: Sleeping          |     4 |       ||     4
Armor: Robe              |     9 |    24 ||    33
Dodge: Dodged            |    28 |    42 ||    70
